 Dungeon Crawl Stone Soup version 0.30-a0-165-g1891117ce2 (webtiles) character file.

Game seed: 5428402346274531754

9839 qw the Cleaver (level 11, -15/68 HPs)
             Began as a Gargoyle Fighter on Sept 28, 2022.
             Was an Elder of Okawaru.
             Killed from afar by an oklob plant (25 damage)
             ... with a splash of acid
             ... on level 1 of the Lair of Beasts.
             The game lasted 00:03:37 (10166 turns).

qw the Cleaver (Gargoyle Fighter)                  Turns: 10166, Time: 00:03:38

Health: -15/68     AC: 31    Str: 31    XL:     11   Next: 52%
Magic:  11/17      EV: 12    Int:  8    God:    Okawaru [****..]
Gold:   1191       SH: 13    Dex: 15    Spells: 10/10 levels left

rFire   + + .      SeeInvis .    Y - +3 war axe (protect)
rCold   x . .      Faith    .    n - +0 kite shield
rNeg    + . .      Spirit   .    h - +0 fire dragon scales
rPois   inf        Reflect  .    w - +0 helmet
rElec   +          Harm     .    t - +0 cloak
rCorr   .          Rampage  .    (no gloves)
Will    .....                    j - +0 pair of boots
Stlth   +.........               g - amulet of regeneration
HPRegen 1.01/turn                x - +6 ring of dexterity
MPRegen 0.15/turn                y - +6 ring of strength

@: heroic, finesse-ful, under a protective aura
A: sickness immunity, AC +8, negative energy resistance 1, electricity
resistance, torment resistance 1, petrification resistance
a: Renounce Religion, Heroism, Finesse


You were on level 1 of the Lair of Beasts.
You worshipped Okawaru.
Okawaru was greatly pleased with you.
You visited 2 branches of the dungeon, and saw 10 of its levels.
You also visited: Ossuary.

You collected 1191 gold pieces.


Innate Abilities, Weirdness & Mutations

You are immune to sickness and miasma.
Your stone body is resilient. (AC +8)
You are immune to poison.
You resist negative energy. (rN+)
You are resistant to electric shocks. (rElec)
You are resistant to unholy torment.
You are immune to petrification.


   Skills:
 - Level 8.0(13.0) Fighting
 - Level 10.0(15.0) Axes
 - Level 3.1(8.1) Throwing
 - Level 5.2(10.2) Armour
 + Level 2.0(7.0) Dodging
 - Level 9.0(14.0) Shields
 + Level 9.1 Invocations


You had 10 spell levels left.
You didn't know any spells.
Your spell library was empty.

Inventory:

Hand Weapons
 b - a +0 morningstar
 Y - a +3 war axe of protection (weapon)
Missiles
 f - 2 silver javelins (quivered)
 o - 6 boomerangs
 p - 3 javelins
Armour
 h - +0 fire dragon scales (worn)
 j - a +0 pair of boots (worn)
 n - a +0 kite shield (worn)
 r - a +0 chain mail
 t - a +0 cloak (worn)
 v - +0 acid dragon scales
 w - a +0 helmet (worn)
Jewellery
 g - an amulet of regeneration (around neck)
 x - a +6 ring of dexterity (left hand)
 y - a +6 ring of strength (right hand)
Scrolls
 a - 5 scrolls of identify
Potions
 c - a potion of heal wounds
 d - 2 potions of might
 e - 10 potions of curing
 k - 4 potions of mutation
 l - 2 potions of attraction
 m - a potion of resistance
 s - a potion of lignification
 u - a potion of magic

Dungeon Overview and Level Annotations

Branches:
Dungeon (9/15)             Temple (0/1) D:4            Lair (1/5) D:9
Ossuary (visited)
    Orc: D:9-12

Altars:
Elyvilon
Gozag
Hepliaklqana
Makhleb
Nemelex Xobeh
Okawaru
Sif Muna
Trog
Uskayaw
The Shining One

Shops:
D:5 :

Annotations:
Lair:1 2 transporters, qw's ghost, novice GrFi


Message History

Where to? (* - list waypoints, Enter - Lair:1, ? - help)
What level of the Lair of Beasts? (default 1, ? - help)
The oklob plant spits acid at you. The splash of acid hits you!
The acid corrodes you!
10152 ||| INVOKING Heroism.
You gain the combat prowess of a mighty hero.
The oklob plant spits acid at you. The splash of acid hits you!
The acid corrodes you!
10153 ||| INVOKING Finesse.
You can now deal lightning-fast blows.
You can no longer enter into single combat with a foe.
Okawaru will no longer gift you equipment.
The oklob plant spits acid at you. The splash of acid hits you!!
The acid corrodes you!
There is an open door here.
You hit the oklob plant but do no damage.
Your weapon exudes an aura of protection.
You slash the oklob plant!
The oklob plant is moderately damaged.
You hit the oklob plant but do no damage.
The oklob plant is moderately damaged.
You slash the oklob plant!
The oklob plant is moderately damaged.
The oklob plant spits acid at you. The splash of acid hits you!
You hit the oklob plant but do no damage.
The oklob plant is moderately damaged.
You hit the oklob plant.
The oklob plant is moderately damaged.
You slash the oklob plant!
The oklob plant is severely damaged.
The oklob plant spits acid at you. The splash of acid hits you!
The acid corrodes you!
10166 ||| DRINKING potion of cancellation.
Your magical effects are unravelling.
You feel magically purged.
You are no longer corroded.
The oklob plant spits acid at you. The splash of acid hits you!!
You die...

...#...#..# ####...............#
##.#...#.#####............#.##..#
.#.#...#..................####..#
...........................###...
......P...................###...#
.#..........##########....# #....
.+..........####...###....# ##..#
.+..........##.......#....# #..#
.#..^........'..@P...#....####..#
##..........##......P#..........#
............####...###...........
............##########....##....#
..########..............####.....
..# #.............<# ##....# #.#
#..............# #.....P #.##
#..............####....# #..#
#......./...............


You could see an oklob plant.

Vanquished Creatures
  An elephant (D:9)
  Maurice (D:9)
  A cane toad (Lair:1)
  A rime drake (Lair:1)
  2 komodo dragons (Lair:1)
  2 trolls (D:9)
  A hornet (D:9)
  Sigmund (D:4)
  A wraith (D:7)
  A wyvern (D:8)
  17 yaks
  Grum (D:8)
  A steam dragon (D:8)
  Duvessa (D:6)
  An acid dragon (D:9)
  4 water moccasins
  2 ice beasts
  An orc warrior (D:7)
  A sky beast (D:6)
  3 black bears
  3 ogres
  4 wolves (D:8)
  A centaur (D:7)
  2 phantoms (D:5)
  An elf zombie (Ossuary)
  3 necrophages
  2 scorpions
  12 wights (D:9)
  Dowan (D:6)
  A troll zombie (Ossuary)
  4 howler monkeys
  An electric eel (D:9)
  A human zombie (Ossuary)
  3 centaur zombies (Ossuary)
  2 orc priests (D:6)
  A gnoll bouda (D:4)
  2 hounds
  8 jellies
  An iguana (D:7)
  Natasha (thrice) (D:2)
  4 orc wizards
  An ogre zombie (Ossuary)
  7 mummies (Ossuary)
  7 gnolls (D:4)
  5 adders
  2 shadow imps
  2 ufetubi (D:4)
  6 adder zombies (Ossuary)
  3 worms
  3 dart slugs
  15 orcs
  10 ball pythons
  7 bats
  19 endoplasms
  2 giant cockroaches
  2 hobgoblins (D:2)
  2 jackals (D:2)
  4 quokkas
  4 frilled lizards
  A gnoll zombie (Ossuary)
  5 goblins
  7 goblin zombies (Ossuary)
  A hobgoblin zombie (Ossuary)
  5 kobolds
  4 kobold zombies (Ossuary)
  2 quokka zombies (Ossuary)
  2 rats
  2 rat zombies (Ossuary)
234 creatures vanquished.

Vanquished Creatures (others)
  6 fungi
  A plant (D:9)
7 creatures vanquished.

Grand Total: 241 creatures vanquished

Notes
Turn   | Place    | Note
-------+----------+-------------------------------------------
     0 | D:1      | qw the Gargoyle Fighter began the quest for the Orb.
     0 | D:1      | Reached XP level 1. HP: 14/14 MP: 1/1
     0 | D:1      | 0 ||| qw: Version: 0.2-a-12-gaebbb33
     0 | D:1      | 0 ||| qw: Game counter: 878
     0 | D:1      | 0 ||| qw: Always use a shield: true
     0 | D:1      | 0 ||| qw: God list: Okawaru
     0 | D:1      | 0 ||| qw: Allow faded altars: false
     0 | D:1      | 0 ||| qw: Do Orc after D:15 true
     0 | D:1      | 0 ||| qw: Do second Lair branch before Depths: true
     0 | D:1      | 0 ||| qw: Lair rune preference: random
     0 | D:1      | 0 ||| qw: Plans: Normal, Zot:1-4, God:TSO, Crypt, Tomb,
                  | Pan, Slime:5, Hells, Abyss, Orb
     0 | D:1      | 0 ||| PLANNING D:1-11
    28 | D:1      | Reached skill level 2 in Axes
   200 | D:1      | Reached XP level 2. HP: 13/19 MP: 2/2
   808 | D:1      | You fall into a shaft and drop 1 floor!
   824 | D:2      | Noticed Natasha
   825 | D:2      | 825 ||| Stepping ~*~*~tactically~*~*~ (hiding).
   830 | D:2      | Killed Natasha
   831 | D:2      | Reached skill level 3 in Axes
   831 | D:2      | Reached XP level 3. HP: 18/23 MP: 3/3
   833 | D:2      | Noticed Natasha
   847 | D:2      | Killed Natasha
   848 | D:2      | Reached XP level 4. HP: 7/28 MP: 4/4
  1099 | D:2      | 1099 ||| Stepping ~*~*~tactically~*~*~ (stealth).
  1102 | D:2      | 1102 ||| Stepping ~*~*~tactically~*~*~ (hiding).
  1107 | D:2      | Reached skill level 4 in Axes
  1122 | D:2      | 1122 ||| UPGRADING to +0 pair of boots.
  1127 | D:2      | 1127 ||| UPGRADING to +0 kite shield.
  1137 | D:2      | 1137 ||| DROPPING +0 buckler.
  1138 | D:2      | 1138 ||| UPGRADING to amulet of regeneration.
  1143 | D:2      | 1143 ||| READING 2 scrolls labelled BACROUCYAXT.
  1144 | D:2      | 1144 ||| READING scroll labelled VULIRE PEECRY.
  1145 | D:2      | 1145 ||| READING scroll labelled CUM FIOMUWKIXI.
  1146 | D:2      | 1146 ||| READING scroll labelled FAUHOP SYBLEA.
  1147 | D:2      | 1147 ||| DRINKING 2 silvery potions.
  1148 | D:2      | 1148 ||| DRINKING 2 bubbling sapphire potions.
  1149 | D:2      | 1149 ||| DROPPING potion of brilliance.
  1153 | D:2      | 1153 ||| Stepping ~*~*~tactically~*~*~ (stealth).
  1279 | D:1      | 1279 ||| DRINKING 2 viscous puce potions.
  1605 | D:2      | 1605 ||| Stepping ~*~*~tactically~*~*~ (stealth).
  1609 | D:2      | 1609 ||| DROPPING +0 club.
  1736 | D:2      | Reached XP level 5. HP: 30/32 MP: 5/5
  1824 | D:2      | Noticed Natasha
  1825 | D:2      | Killed Natasha
  1904 | D:2      | 1904 ||| READING scroll labelled QICUDIA ODEMOUMP.
  1905 | D:2      | 1905 ||| DRINKING 2 dark potions.
  1906 | D:2      | 1906 ||| DROPPING potion of degeneration.
  2011 | D:3      | Found a hide-covered altar of Uskayaw.
  2011 | D:3      | Found a white marble altar of Elyvilon.
  2083 | D:3      | Found a burning altar of Makhleb.
  2330 | D:3      | 2330 ||| READING scroll of enchant weapon.
  2330 | D:3      | 2330 ||| ENCHANTING +1 war axe of electrocution.
  2354 | D:3      | Found a shimmering blue altar of Sif Muna.
  2509 | D:4      | 2509 ||| PLANNING OSSUARY
  2519 | D:4      | 2519 ||| Stepping ~*~*~tactically~*~*~ (hiding).
  2547 | D:4      | 2547 ||| DROPPING +0 mace.
  2612 | D:4      | Found a bloodstained altar of Trog.
  2615 | D:4      | Found an opulent altar of Gozag.
  2615 | D:4      | Found a sparkling altar of Nemelex Xobeh.
  2618 | D:4      | Found an iron altar of Okawaru.
  2650 | D:4      | Found a staircase to the Ecumenical Temple.
  2717 | D:4      | 2717 ||| Stepping ~*~*~tactically~*~*~ (stealth).
  2718 | D:4      | 2718 ||| Stepping ~*~*~tactically~*~*~ (stealth).
  2719 | D:4      | 2719 ||| Stepping ~*~*~tactically~*~*~ (stealth).
  2728 | D:4      | Reached XP level 6. HP: 37/37 MP: 6/6
  2787 | D:4      | Found a sand-covered staircase.
  2788 | D:4      | 2788 ||| UPGRADING to +0 fire dragon scales.
  2798 | D:4      | 2798 ||| READING 7 scrolls of identify.
  2798 | D:4      | 2798 ||| IDENTIFYING pink potion
  2799 | D:4      | 2799 ||| READING 6 scrolls of identify.
  2799 | D:4      | 2799 ||| IDENTIFYING purple potion
  2800 | D:4      | 2800 ||| DROPPING potion of flight.
  2852 | D:4      | Became a worshipper of Warmaster Okawaru
  2907 | Ossuary  | Entered an ossuary
  3010 | Ossuary  | Reached skill level 5 in Axes
  3024 | Ossuary  | 3024 ||| Stepping ~*~*~tactically~*~*~ (stealth).
  3097 | Ossuary  | 3097 ||| Stepping ~*~*~tactically~*~*~ (stealth).
  3166 | Ossuary  | Reached XP level 7. HP: 37/43 MP: 7/7
  3181 | Ossuary  | Reached * piety under Okawaru
  3201 | Ossuary  | Reached skill level 1 in Invocations
  3349 | Ossuary  | 3349 ||| READING scroll labelled BIOWE BI JIB.
  3349 | Ossuary  | Identified a scroll of acquirement
  3349 | Ossuary  | 3349 ||| ACQUIRING 571 gold pieces
  3349 | Ossuary  | Acquired 571 gold pieces
  3351 | Ossuary  | 3351 ||| READING scroll labelled SIMIGO HARA.
  3352 | Ossuary  | 3352 ||| READING scroll labelled PINAUPE NEPSI.
  3356 | Ossuary  | 3356 ||| READING 3 scrolls labelled GINEUN PIO.
  3357 | Ossuary  | 3357 ||| READING scroll labelled SUXERA OMOAN.
  3358 | Ossuary  | 3358 ||| DRINKING 3 green potions.
  3463 | Ossuary  | 3463 ||| READING 5 scrolls of identify.
  3463 | Ossuary  | 3463 ||| IDENTIFYING fizzy red potion
  3464 | Ossuary  | 3464 ||| READING 4 scrolls of identify.
  3464 | Ossuary  | 3464 ||| IDENTIFYING viscous clear potion
  3465 | Ossuary  | 3465 ||| READING 3 scrolls of identify.
  3465 | Ossuary  | 3465 ||| IDENTIFYING murky ruby potion
  3466 | Ossuary  | 3466 ||| DROPPING 2 potions of berserk rage.
  3467 | Ossuary  | 3467 ||| DROPPING 2 scrolls of fear.
  3477 | D:4      | 3477 ||| PLANNING D:1-11
  3676 | D:4      | 3676 ||| INVOKING Heroism.
  3877 | D:4      | 3877 ||| INVOKING Heroism.
  3888 | D:4      | Reached skill level 6 in Axes
  3888 | D:4      | Reached skill level 3 in Invocations
  3914 | D:4      | 3914 ||| INVOKING Heroism.
  3920 | D:4      | Reached skill level 1 in Dodging
  3920 | D:4      | Reached XP level 8. HP: 48/48 MP: 7/10
  3949 | D:4      | Noticed Sigmund
  3950 | D:4      | 3950 ||| Stepping ~*~*~tactically~*~*~ (hiding).
  3952 | D:4      | 3952 ||| Stepping ~*~*~tactically~*~*~ (hiding).
  3953 | D:4      | 3953 ||| INVOKING Heroism.
  3962 | D:4      | Killed Sigmund
  4142 | D:5      | Entered Level 5 of the Dungeon
  4244 | D:5      | 4244 ||| Stepping ~*~*~tactically~*~*~ (hiding).
  4245 | D:5      | 4245 ||| Stepping ~*~*~tactically~*~*~ (hiding).
  4251 | D:5      | Reached skill level 6 in Shields
  4254 | D:5      | Reached ** piety under Okawaru
  4316 | D:5      | 4316 ||| Stepping ~*~*~tactically~*~*~ (hiding).
  4430 | D:5      | 4430 ||| Stepping ~*~*~tactically~*~*~ (stealth).
  4728 | D:5      | Reached skill level 7 in Axes
  4777 | D:5      | Found Rilimiq's Tremendous Tomes.
  4843 | D:5      | 4843 ||| Stepping ~*~*~tactically~*~*~ (stealth).
  4870 | D:5      | 4870 ||| Stepping ~*~*~tactically~*~*~ (stealth).
  5108 | D:5      | 5108 ||| DROPPING amulet of faith.
  5158 | D:6      | 5158 ||| INVOKING Heroism.
  5286 | D:6      | Noticed Duvessa
  5286 | D:6      | Noticed Dowan
  5287 | D:6      | 5287 ||| INVOKING Heroism.
  5296 | D:6      | Killed Duvessa
  5300 | D:6      | Killed Dowan
  5333 | D:6      | 5333 ||| INVOKING Heroism.
  5340 | D:6      | Reached XP level 9. HP: 38/54 MP: 9/12
  5356 | D:6      | 5356 ||| Stepping ~*~*~tactically~*~*~ (stealth).
  5371 | D:6      | 5371 ||| INVOKING Heroism.
  5373 | D:6      | 5373 ||| Stepping ~*~*~tactically~*~*~ (stealth).
  5376 | D:6      | 5376 ||| Stepping ~*~*~tactically~*~*~ (stealth).
  5383 | D:6      | Reached skill level 1 in Throwing
  5383 | D:6      | Reached *** piety under Okawaru
  5387 | D:6      | Reached skill level 8 in Axes
  5392 | D:6      | Received a gift from Okawaru
  5393 | D:6      | Reached skill level 6 in Fighting
  5397 | D:6      | 5397 ||| INVOKING Heroism.
  5492 | D:6      | 5492 ||| READING scroll of brand weapon.
  5492 | D:6      | 5492 ||| BRANDING +2 war axe of electrocution.
  5498 | D:6      | 5498 ||| Stepping ~*~*~tactically~*~*~ (stealth).
  5499 | D:6      | 5499 ||| Stepping ~*~*~tactically~*~*~ (stealth).
  5501 | D:6      | 5501 ||| INVOKING Heroism.
  5503 | D:6      | 5503 ||| Stepping ~*~*~tactically~*~*~ (hiding).
  5636 | D:6      | Found a glowing golden altar of the Shining One.
  5882 | D:6      | 5882 ||| DROPPING +0 scale mail.
  5883 | D:6      | 5883 ||| UPGRADING to +0 cloak.
  5888 | D:6      | 5888 ||| DROPPING amulet of the acrobat.
  6174 | D:7      | 6174 ||| Stepping ~*~*~tactically~*~*~ (stealth).
  6175 | D:7      | 6175 ||| Stepping ~*~*~tactically~*~*~ (stealth).
  6183 | D:7      | 6183 ||| INVOKING Heroism.
  6191 | D:7      | 6191 ||| Stepping ~*~*~tactically~*~*~ (hiding).
  6192 | D:7      | 6192 ||| Stepping ~*~*~tactically~*~*~ (hiding).
  6193 | D:7      | 6193 ||| Stepping ~*~*~tactically~*~*~ (hiding).
  6194 | D:7      | 6194 ||| Stepping ~*~*~tactically~*~*~ (hiding).
  6196 | D:7      | 6196 ||| Stepping ~*~*~tactically~*~*~ (hiding).
  6197 | D:7      | 6197 ||| Stepping ~*~*~tactically~*~*~ (hiding).
  6198 | D:7      | 6198 ||| Stepping ~*~*~tactically~*~*~ (hiding).
  6199 | D:7      | 6199 ||| Stepping ~*~*~tactically~*~*~ (hiding).
  6201 | D:7      | 6201 ||| INVOKING Heroism.
  6419 | D:7      | Reached skill level 9 in Axes
  6419 | D:7      | Reached XP level 10. HP: 59/60 MP: 13/13
  6668 | D:7      | 6668 ||| READING scroll labelled YGERAST VUCETT.
  6669 | D:7      | 6669 ||| READING 4 scrolls of identify.
  6669 | D:7      | 6669 ||| IDENTIFYING inky potion
  6670 | D:7      | 6670 ||| DROPPING potion of ambrosia.
  6803 | D:8      | 6803 ||| Stepping ~*~*~tactically~*~*~ (stealth).
  6805 | D:8      | 6805 ||| Stepping ~*~*~tactically~*~*~ (hiding).
  6808 | D:8      | 6808 ||| INVOKING Heroism.
  6826 | D:8      | 6826 ||| READING scroll of enchant weapon.
  6826 | D:8      | 6826 ||| ENCHANTING +2 war axe of protection.
  6937 | D:8      | 6937 ||| INVOKING Heroism.
  7124 | D:8      | Noticed Grum
  7125 | D:8      | 7125 ||| Stepping ~*~*~tactically~*~*~ (hiding).
  7129 | D:8      | Reached skill level 3 in Throwing
  7131 | D:8      | 7131 ||| INVOKING Heroism.
  7150 | D:8      | Killed Grum
  7180 | D:8      | Reached **** piety under Okawaru
  7181 | D:8      | 7181 ||| FLEEEEING.
  7182 | D:8      | 7182 ||| FLEEEEING.
  7183 | D:8      | 7183 ||| FLEEEEING.
  7184 | D:8      | 7184 ||| FLEEEEING.
  7301 | D:8      | Received a gift from Okawaru
  7416 | D:8      | 7416 ||| DROPPING ring of flight.
  7417 | D:8      | 7417 ||| READING 4 scrolls of identify.
  7417 | D:8      | 7417 ||| IDENTIFYING glowing brown potion
  7440 | D:9      | 7440 ||| Stepping ~*~*~tactically~*~*~ (stealth).
  7444 | D:9      | 7444 ||| Stepping ~*~*~tactically~*~*~ (stealth).
  7457 | D:9      | Reached skill level 9 in Shields
  7459 | D:9      | 7459 ||| INVOKING Heroism.
  7824 | D:9      | 7824 ||| INVOKING Heroism.
  7882 | D:9      | 7882 ||| Stepping ~*~*~tactically~*~*~ (stealth).
  7887 | D:9      | Noticed an elephant
  7888 | D:9      | 7888 ||| Stepping ~*~*~tactically~*~*~ (hiding).
  7890 | D:9      | 7890 ||| Stepping ~*~*~tactically~*~*~ (stealth).
  7900 | D:9      | 7900 ||| INVOKING Heroism.
  7912 | D:9      | Killed an elephant
  7913 | D:9      | Reached skill level 6 in Invocations
  7920 | D:9      | 7920 ||| Stepping ~*~*~tactically~*~*~ (stealth).
  7932 | D:9      | 7932 ||| INVOKING Heroism.
  7959 | D:9      | 7959 ||| DROPPING +2 flail of holy wrath.
  7963 | D:9      | Found a staircase to the Lair.
  8040 | D:9      | 8040 ||| INVOKING Heroism.
  8075 | D:9      | Reached skill level 10 in Axes
  8075 | D:9      | Reached XP level 11. HP: 67/67 MP: 16/16
  8406 | D:9      | 8406 ||| INVOKING Heroism.
  8635 | D:9      | 8635 ||| INVOKING Heroism.
  8639 | D:9      | Received a gift from Okawaru
  8691 | D:9      | Identified the +0 leather armour "Secvomm" {Regen+ SInv}
  8722 | D:9      | Noticed Maurice
  8739 | D:9      | Killed Maurice
  9083 | D:9      | Found a hazy altar of Hepliaklqana.
  9176 | D:9      | 9176 ||| PLANNING LAIR
  9176 | D:9      | 9176 ||| UPGRADING to +0 helmet.
  9181 | D:9      | 9181 ||| READING 5 scrolls of identify.
  9181 | D:9      | 9181 ||| IDENTIFYING murky clear potion
  9182 | D:9      | 9182 ||| DROPPING potion of invisibility.
  9236 | Lair:1   | Entered Level 1 of the Lair of Beasts
  9395 | Lair:1   | 9395 ||| Stepping ~*~*~tactically~*~*~ (stealth).
  9396 | Lair:1   | 9396 ||| Stepping ~*~*~tactically~*~*~ (stealth).
  9399 | Lair:1   | 9399 ||| Stepping ~*~*~tactically~*~*~ (stealth).
  9401 | Lair:1   | 9401 ||| INVOKING Heroism.
  9408 | Lair:1   | Reached ***** piety under Okawaru
  9468 | Lair:1   | Noticed qw's ghost (novice GrFi)
  9469 | Lair:1   | Noticed a spriggan rider
  9475 | Lair:1   | Found a transporter.
  9482 | Lair:1   | Found a transporter.
  9483 | Lair:1   | Found a bloodstained altar of Trog.
  9530 | Lair:1   | 9530 ||| INVOKING Heroism.
  9572 | Lair:1   | 9572 ||| INVOKING Heroism.
  9664 | Lair:1   | Noticed a moth of wrath
  9707 | Lair:1   | Reached skill level 9 in Invocations
  9730 | Lair:1   | Noticed an oklob plant
  9731 | Lair:1   | 9731 ||| INVOKING Heroism.
  9732 | Lair:1   | 9732 ||| INVOKING Finesse.
  9764 | Lair:1   | HP: 6/68 [oklob plant/splash of acid (17)]
  9765 | Lair:1   | 9765 ||| READING scroll of teleportation.
  9766 | Lair:1   | 9766 ||| DRINKING 2 potions of heal wounds.
  9767 | Lair:1   | 9767 ||| INVOKING Heroism.
 10127 | Lair:1   | 10127 ||| UPGRADING to +6 ring of dexterity.
 10128 | Lair:1   | 10128 ||| UPGRADING to +6 ring of strength.
 10129 | Lair:1   | 10129 ||| READING 6 scrolls of identify.
 10129 | Lair:1   | 10129 ||| IDENTIFYING fuming red potion
 10152 | Lair:1   | 10152 ||| INVOKING Heroism.
 10153 | Lair:1   | 10153 ||| INVOKING Finesse.
 10165 | Lair:1   | HP: 9/68 [oklob plant/splash of acid (15)]
 10166 | Lair:1   | 10166 ||| DRINKING potion of cancellation.
 10166 | Lair:1   | Killed from afar by an oklob plant

Levels and vault maps discovered:
D:1:      dpeg_arrival_renting, layout_basic, hex_tiny
D:2:      layout_loops_ring, minmay_tripent, uniq_natasha
D:3:      layout_loops_ring, nicolae_overflow_two_pavilions,
          mainiacjoe_overflow_brackets, bloody_makhleb,
          minmay_misc_feat_enclosed
D:4:      layout_basic, grunt_temple_overflow_open, temple_fountains,
          enter_ossuary_2, uniq_sigmund
D:5:      layout_loops_corners, serial_park_tiny_1,
          nicolae_shop_i_like_big_books
D:6:      layout_basic, tso_altar, uniq_duvessa
D:7:      layout_basic
D:8:      layout_cave_pods, st_stairs_13, minmay_misc_feat_rows, kennysheep_nub,
          uniq_grum
D:9:      layout_basic, nicolae_hepliaklqana_hippocampus, david_lair_generic,
          minivault_14, grunt_ministairs_11, uniq_maurice
Lair:1:   lemuel_slime, layout_chaotic_city, gammafunk_ghost_wrathful_warriors

Skill      XL: |  1  2  3  4  5  6  7  8  9 10 11 |
---------------+----------------------------------+-----
Axes           | 2 3 4 5 6 7 9 10 | 10.0
Shields        | 4 5 7 8 9 |  9.0
Fighting       | 4 5 6 7 8 |  8.0
Invocations    | 3 4 7 9 |  9.1
Dodging        | 1 2 |  2.0
Throwing       | 2 3 |  3.1
Armour         | 4 5 |  5.2

Action                   |  1- 3 |  4- 6 |  7- 9 | 10-12 || total
-------------------------+-------+-------+-------+-------++-------
Melee: War axe           |    58 |   183 |   225 |   277 ||   743
Throw: Javelin           |       |       |     8 |    37 ||    45
       Boomerang         |       |       |     3 |       ||     3
Invok: Heroism           |       |       |    12 |    16 ||    28
       Finesse           |       |       |       |     2 ||     2
  Use: Scroll            |       |     8 |     9 |     7 ||    24
       Potion            |       |     4 |     1 |     2 ||     7
 Stab: Distracted        |       |     1 |       |       ||     1
Armor: Scale mail        |    28 |    59 |       |       ||    87
       Fire dragon scale |       |    22 |    95 |   101 ||   218
Dodge: Dodged            |    20 |    78 |    57 |    62 ||   217
Block: Buckler           |    13 |     1 |       |       ||    14
       Kite shield       |       |    78 |    93 |    99 ||   270

Table legend:
 A = Non-vault XP
 B = Vault XP
 C = Vault XP percentage of total XP
 D = Non-vault monster count
 E = Vault monster count
 F = Vault count percentage of total count
                 A         B        C        D         E       F
            +---------+---------+-------+---------+---------+-------
      Total |    9571 |    4485 |  31.9 |     154 |      80 |  34.2
            +---------+---------+-------+---------+---------+-------
        D:1 |      26 |       0 |   0.0 |      15 |       0 |   0.0
        D:2 |     145 |      36 |  19.9 |      26 |       3 |  10.3
        D:3 |      12 |       0 |   0.0 |       7 |       0 |   0.0
        D:4 |     484 |     226 |  31.8 |      21 |       1 |   4.5
        D:5 |     398 |       0 |   0.0 |      15 |       0 |   0.0
        D:6 |    1912 |     220 |  10.3 |      21 |       2 |   8.7
        D:7 |     755 |       0 |   0.0 |      12 |       0 |   0.0
        D:8 |     647 |     765 |  54.2 |       7 |       6 |  46.2
        D:9 |    2150 |    2368 |  52.4 |      18 |      11 |  37.9
     Lair:1 |    3042 |     324 |   9.6 |      12 |      20 |  62.5
    Ossuary |       0 |     546 | 100.0 |       0 |      37 | 100.0
            +---------+---------+-------+---------+---------+-------
